 Dungeon Crawl Stone Soup version 0.19-a0-1007-g133f65f (webtiles) character file.

537668 Arkorax the Slayer (level 27, 0/240 HPs)
             Began as a Formicid Fighter on July 20, 2016.
             Was the Champion of Ru.
             Splashed by an acid blob's acid (8 damage)
             ... on level 5 of the Pits of Slime.
             The game lasted 01:37:11 (47333 turns).

Arkorax the Slayer (Formicid Fighter)              Turns: 47333, Time: 01:37:14

Health: 0/240      AC: -5    Str: 25    XL:     27
Magic:  15/20      EV: 21    Int:  9    God:    Ru [******]
Gold:   128        SH: 27    Dex: 14    Spells: 0 memorised, 26 levels left

rFire  + + +     SeeInvis +     D - +7 great mace "Firestarter" {inner flame, rF++}
rCold  . . .     Gourm    .     Z - +6 fire dragon armour
rNeg   + . .     Faith    .     W - +6 large shield of Ignorance {rN+ AC+4 Int-6 *Curse} (curse)
rPois  .         Spirit   .     (helmet unavailable)
rElec  .         Dismiss  .     T - +2 cloak {MR+}
rCorr  +         Reflect  .     E - +2 pair of gloves {Dex+3}
SustAt .         Harm     .     S - +1 pair of boots
MR     +++++                    y - amulet of regeneration
Stlth  ..........               s - ring of resist corrosion
                                X - ring "Radyipla" {+Blink rC+ MR+ Dex-3}

@: exhausted, corroded, drained, almost entirely resistant to hostile
enchantments, extremely unstealthy
A: permanent stasis, dig shafts and tunnels, four strong arms, antennae 3,
clever 1, low mp 1, magic resistance 1, screaming 1, no stealth, inability to
use devices, hated by all, no charms magic, no earth magic, no hexes magic,
disrupted magic 1
a: Dig, Shaft Self, Draw Out Power, Power Leap, Apocalypse, Renounce Religion
}: 2/15 runes: decaying, serpentine


You were on level 5 of the Pits of Slime.
You worshipped Ru.
Ru was exalted by your worship.
You were full.

You visited 8 branches of the dungeon, and saw 46 of its levels.
You visited 1 bazaar.
You also visited: Ice Cave and Volcano.

You collected 4238 gold pieces.
You spent 4110 gold pieces at shops.

Inventory:

Hand Weapons
 D - the +7 great mace "Firestarter" (weapon) {inner flame, rF++}
   (You bought it in a shop on level 5 of the Depths)

   It has been specially enchanted to burn those struck by it, causing extra
   injury to most foes and up to half again as much damage against particularly
   susceptible opponents.
   It greatly protects you from fire.
 O - a +5 great mace of flaming
Missiles
 r - 6 throwing nets
 w - 19 javelins (quivered)
Armour
 E - a +2 pair of gloves of dexterity (worn)
 M - a +2 plate armour of poison resistance
 S - a +1 pair of boots (worn)
 T - a +2 cloak of magic resistance (worn)
 W - the cursed +6 large shield of Ignorance (worn) {rN+ AC+4 Int-6 *Curse}
   (You acquired it on level 1 of the Vaults)

   It affects your AC (+4).
   It affects your intelligence (-6).
   It protects you from negative energy.
   It may re-curse itself when equipped.
   It has a curse placed upon it.
 Z - a +6 fire dragon armour (worn)
Jewellery
 o - an uncursed ring of protection from cold
 s - a ring of resist corrosion (right hand)
 u - a +3 ring of evasion
 v - an uncursed ring of sustain attributes
 y - an amulet of regeneration (around neck)
 F - an uncursed ring of fire
 H - an uncursed ring of protection from magic
 K - an uncursed ring of positive energy
 X - the ring "Radyipla" (left hand) {+Blink rC+ MR+ Dex-3}
   (You found it in an ice cave)

   [ring of protection from cold]

   It affects your dexterity (-3).
   It protects you from cold.
   It affects your resistance to hostile enchantments.
   It lets you blink.
Scrolls
 i - 25 scrolls of identify
 j - 8 scrolls of magic mapping
 k - 3 scrolls of fear
 m - 18 scrolls of remove curse
 n - 10 scrolls of amnesia
 Q - 5 scrolls of fog
 Y - a scroll of silence
Potions
 a - a potion of agility
 e - 7 potions of haste
 g - a potion of might
 h - 5 potions of flight
 l - 5 potions of magic
 q - 4 potions of resistance
 t - 2 potions of invisibility
 x - 3 potions of cancellation
 A - 4 potions of ambrosia
 C - 6 potions of brilliance
 G - 15 potions of curing
 R - 4 potions of cure mutation
Books
 U - a book of the Tempests

   Spells                             Type                      Level
   a - Static Discharge               Conjuration/Air              3
   b - Lightning Bolt                 Conjuration/Air              5
   c - Fireball                       Conjuration/Fire             5
   d - Tornado                        Air                          9
   e - Shatter                        Earth                        9
Comestibles
 b - 3 meat rations
 d - 3 royal jellies
 p - 17 fruits
 z - 8 beef jerkies
 B - 15 bread rations
 J - 12 slices of pizza


   Skills:
 + Level 24.4(22.5) Fighting
 - Level 20.0(18.3) Maces & Flails
 - Level 17.8(16.2) Armour
 * Level 19.0(17.4) Dodging
 - Level 16.2(14.7) Shields


You had 26 spell levels left.
You didn't know any spells.

Dungeon Overview and Level Annotations

Branches:
Dungeon (15/15)            Temple (0/1) D:5            Lair (6/6) D:9
  Swamp (4/4) Lair:3        Snake (4/4) Lair:2        Slime (5/5) Lair:6
    Orc (2/2) D:11            Elf (0/3) Orc:2        Vaults (5/5) D:14
  Crypt (0/3) Vaults:2     Depths (5/5) D:15            Zot (0/5) Depths:5

Altars:
Ashenzari
Cheibriados
Elyvilon
Fedhas
Hepliaklqana
Ru
Sif Muna
Trog
The Shining One
Beogh
Jiyva
Lugonu

Shops:
D:6 *   D:7 ?   D:13 !?=*   Orc:2 %([[   Vaults:1 (   Vaults:4 (   Depths:4 *
Depths:5 ([?

Portals:
Hell: Depths:1 Depths:3 Depths:5
Abyss: Depths:1 Depths:5
Pandemonium: Depths:3
Ziggurat: Depths:4

Annotations:
Slime:2 Donald
Depths:3 exclusions: upstairs and 2 more exclusions
Depths:4 7 exclusions
Depths:5 exclusion: upstairs


Innate Abilities, Weirdness & Mutations

You are under a permanent stasis effect.
You can dig through walls and to a lower floor.
Your four strong arms can wield two-handed weapons with a shield.
You have a pair of large antennae on your head. (SInv)
Your magical capacity is low. (-10% MP)
You occasionally shout uncontrollably at your foes.
You cannot be stealthy.
You cannot study or use magical devices.
You are hated by all.
You cannot study or cast Charms magic.
You cannot study or cast Earth magic.
You cannot study or cast Hexes magic.
Your casting is slightly disrupted.
Your mind is acute. (Int +2)
You are resistant to hostile enchantments. (MR+)


Message History

The acid blob spits acid at the acid blob.
Found a bread ration.
You shout at the great orb of eyes!
A great orb of eyes comes into view.
An eye of draining comes into view.
The eye of draining turns its gaze towards you.
You redirect the acid blob's attack!
The acid blob jiggles.
The acid blob spits acid at you. The splash of acid hits you! You resist.
* * * LOW HITPOINT WARNING * * *
The acid corrodes you!
The acid burns!
You resist.
* * * LOW HITPOINT WARNING * * *
The great orb of eyes bites you!
* * * LOW HITPOINT WARNING * * *
The acid blob spits acid at you. The splash of acid hits you! You resist.
* * * LOW HITPOINT WARNING * * *
The acid corrodes you!
The acid burns!
You resist.
You die...

,,,,,,,,,,,,,,,,,,,,,******,****,
,,,,,,,,,...........###%##..##,**
,,,,,,,,,..........###([$#.##[(,*
,,,,,,,,,.......G..##[[$##..##=,,
,,,,,,,,,.........##?""[$##.#([",
,,,,,,,,,........###$$[%##..##$),
,,,,,,,,,........####[?#"#.##|#(?
,,,,,,,,,.......G#########..#####
,,,,,,,,,.......@...#JG.#....#...
,,,,,,,,,.......G##JJ.#JJJ.....#.
,,,,,,,,,.........#####J##J.#####
,,,,,,,,,........####(J#|#.##[#}$
*,,,,,,,,.........##(}J)##..##[}?
**,,,,,,,........###?}([!.#.#%)φ)
*,,,,,,,,.........###)|:##..##!}[
**,,,,,,,..........###!([#.##$$?#
*,,,,,,,,,,,.......###?##..##?##


You could see 4 acid blobs, 2 azure jellies, 2 great orbs of eyes, an eye of
devastation, a death ooze and an eye of draining.

Vanquished Creatures
  the Royal Jelly (Slime:5)
  2 juggernauts (Depths:5)
  Bai Suzhen (Swamp:3)
  Frederick (Depths:5)
  Saint Roka (Vaults:2)
  Xtahua (Vaults:2)
  2 golden dragons
  Nikola (Swamp:3)
  the Enchantress (Depths:5)
  A Tzitzimitl (Snake:4)
  A tentacled monstrosity (Vaults:2)
  A lich (Vaults:1)
  2 titans
  The ghost of FIQ the Messiah, an adept HOMo of Beogh (Snake:2)
  9 acid blobs
  6 sphinxes
  2 shadow dragons (Depths:5)
  3 thorn hunters
  Kirke (Swamp:1)
  A storm dragon (Depths:5)
  3 tengu reavers
  6 azure jellies
  10 frost giants
  10 greater nagas
  Roxanne (Swamp:1)
  9 vault wardens
  An iron dragon (Depths:4)
  10 fire giants
  Aizul (Swamp:2)
  2 orc warlords (Orc:2)
  A draconian scorcher (Depths:5)
  Louise (Swamp:2)
  13 ironheart preservers
  21 very ugly things
  A draconian caller (Depths:5)
  22 stone giants
  A draconian annihilator (Depths:5)
  4 entropy weavers
  4 spriggan defenders
  A stone giant (shapeshifter) (Vaults:2)
  4 vampire knights
  2 deep elf annihilators
  A deep elf demonologist (Vaults:3)
  2 red draconians (Depths:5)
  A dire elephant (D:15)
  A yellow draconian (Depths:5)
  The ghost of Eptagon the Grappler, a journeyman TrMo of Nemelex Xobeh (D:13)
  6 spark wasps
  9 ettins
  A white draconian (Depths:5)
  2 deep elf death magi
  An ettin (shapeshifter) (Vaults:2)
  5 fire dragons
  3 death oozes (Slime:5)
  10 great orbs of eyes
  12 yaktaur captains
  Harold (D:11)
  29 vault guards
  2 jiangshi (Depths:5)
  26 hydras
  6 rakshasas
  2 catoblepae
  A death knight (Vaults:1)
  9 ice dragons
  A ghost crab (shapeshifter) (Vaults:2)
  3 spriggan air magi
  18 naga warriors
  4 ghost crabs (Swamp:4)
  9 centaur warriors
  17 ogre magi
  An alligator (shapeshifter) (D:12)
  5 alligators
  14 anacondas
  A tengu warrior (D:15)
  9 deep troll shamans
  A vampire mage (Depths:5)
  5 deep troll earth magi
  Urug (D:11)
  14 death yaks
  A queen ant (Lair:4)
  2 dancing weapons
  9 shock serpents
  4 spriggan berserkers
  4 orc high priests (Orc:2)
  A shock serpent (shapeshifter) (Vaults:2)
  12 naga sharpshooters
  4 deep elf knights
  2 salamander mystics
  4 iron trolls
  A skeletal warrior (Depths:2)
  6 hell knights (Depths:3)
  A golden dragon zombie (Depths:4)
  A spectral anaconda (Depths:2)
  A death drake (Depths:2)
  A spriggan druid (Swamp:4)
  8 sea snakes (Snake:4)
  2 unseen horrors (D:11)
  A shadow wraith (Vaults:3)
  A giant orange brain (Depths:4)
  34 deep trolls
  4 flayed ghosts
  4 naga ritualists
  2 unseen horrors (shapeshifter)
  14 hill giants
  A harpy (Vaults:2)
  An obsidian statue (D:15)
  8 swamp dragons
  A shambling mangrove (Swamp:4)
  3 wizards
  16 ironbrand convokers
  3 deep elf archers
  A shining eye (Slime:5)
  A necromancer (Depths:4)
  A lindwurm (Volcano)
  A sphinx zombie (Depths:4)
  59 ugly things
  10 orc knights
  5 phantasmal warriors
  5 deep elf magi
  19 cyclopes
  8 orc sorcerers
  10 mana vipers
  4 hornets
  4 wolf spiders
  9 griffons
  6 elephants
  An octopode (shapeshifter) (Vaults:1)
  13 salamanders
  A manticore (D:14)
  45 black mambas
  19 naga magi
  14 vault sentinels
  11 guardian serpents
  A torpor snail (shapeshifter) (Vaults:2)
  2 ice statues
  3 molten gargoyles (Volcano)
  A gargoyle (Volcano)
  A torpor snail (Lair:6)
  2 eyes of devastation
  17 spiny frogs
  A spiny frog (shapeshifter) (Depths:3)
  An efreet (D:15)
  6 komodo dragons
  A kobold demonologist (D:15)
  4 freezing wraiths
  38 yaktaurs
  2 ice devils (D:14)
  A jumping spider (Vaults:4)
  A yaktaur (shapeshifter) (Vaults:2)
  5 trolls
  A meliai (shapeshifter) (Depths:1)
  3 tengu conjurers
  19 polar bears
  A queen bee (D:9)
  6 bog bodies
  19 blink frogs
  2 giant leeches
  A raiju (Depths:2)
  A hornet zombie (D:13)
  39 slime creatures
  24 two-headed ogres
  3 boulder beetles
  A centaur simulacrum (D:15)
  A spriggan (shapeshifter) (Vaults:3)
  2 air elementals (Depths:3)
  A redback (Vaults:4)
  21 spriggans
  2 water elementals
  A tarantella (Vaults:4)
  A wyvern (D:14)
  49 yaks
  2 shadows
  A vampire (D:13)
  A tarantella (shapeshifter) (Vaults:1)
  An elf zombie (Depths:4)
  3 basilisks
  3 basilisks (shapeshifter)
  6 wraiths
  10 hippogriffs
  A hog (shapeshifter) (Vaults:4)
  4 humans (Swamp:1)
  3 hogs (Swamp:1)
  22 vampire mosquitoes
  A hungry ghost (D:15)
  A mottled dragon (Vaults:1)
  18 wargs
  17 swamp worms
  4 insubstantial wisps (Lair:3)
  59 nagas
  2 soldier ants (shapeshifter)
  11 soldier ants
  4 hell hounds (Depths:2)
  8 porcupines
  12 water moccasins
  4 sky beasts
  50 orc warriors
  5 black bears (Lair:6)
  15 swamp drakes
  7 ice beasts
  An eye of draining (D:10)
  15 wasps
  52 ogres
  27 boggarts
  60 wolves
  11 centaurs
  14 crocodiles
  A big kobold (D:11)
  A gnoll sergeant (D:12)
  15 giant frogs
  4 scorpions
  2 human simulacra (Vaults:1)
  27 killer bees
  A spectral ogre (Depths:3)
  23 wights
  2 howler monkeys
  An electric eel (D:9)
  9 crimson imps
  A quasit (D:12)
  29 orc priests
  4 centaur zombies
  5 hounds
  3 jellies
  A gnoll shaman (D:7)
  19 orc wizards
  Natasha (thrice) (D:2)
  3 centaur skeletons
  12 human skeletons (Vaults:1)
  4 giant frog skeletons
  7 iguanas
  23 worker ants
  26 sheep
  3 hound zombies
  17 gnolls
  40 river rats
  15 adders
  5 shadow imps
  2 white imps
  3 oozes
  An adder skeleton (D:6)
  A worm (shapeshifter) (Vaults:3)
  3 worms
  A dart slug (D:1)
  2 giant geckos
  112 orcs
  6 giant cockroaches
  5 goblins
  5 hobgoblins
  9 jackals
  8 quokkas
  6 bats
  A giant gecko skeleton (D:4)
  3 giant newts
  17 kobolds
  A quokka zombie (D:6)
  5 rats
  4 briar patches (Swamp:3)
2046 creatures vanquished.

Vanquished Creatures (others)
  A thorn hunter (Swamp:4)
  A stone giant (Depths:1)
  A very ugly thing (Vaults:2)
  A naga warrior (Snake:4)
  4 hydras
  A deep troll shaman (Depths:3)
  A naga sharpshooter (Snake:3)
  A death yak (Lair:3)
  A salamander mystic (Snake:3)
  A wizard (Vaults:2)
  A deep troll (Depths:4)
  An ugly thing (Depths:3)
  2 mana vipers
  A salamander (Snake:2)
  A black mamba (Lair:2)
  A yaktaur (Vaults:1)
  A troll (Orc:2)
  A two-headed ogre (Vaults:4)
  A yak (IceCv)
  A naga (Snake:2)
  A swamp worm (Swamp:3)
  An orc warrior (Vaults:2)
  8 ogres
  A swamp drake (Swamp:4)
  A wolf (IceCv)
  2 boggarts
  2 sheep (Depths:3)
  3 orcs
  2 briar patches (Swamp:3)
  6 fungi
  5 plants
56 creatures vanquished.

Grand Total: 2102 creatures vanquished

Notes
Turn   | Place    | Note
-------+----------+-------------------------------------------
     0 | D:1      | Arkorax the Formicid Fighter began the quest for the Orb.
     0 | D:1      | Reached XP level 1. HP: 18/18 MP: 1/1
    59 | D:1      | Reached XP level 2. HP: 17/24 MP: 2/2
   231 | D:1      | Reached XP level 3. HP: 30/30 MP: 3/3
   534 | D:1      | Reached skill level 4 in Fighting
   786 | D:2      | Noticed Natasha
   803 | D:2      | HP: 1/30 [giant gecko (4)]
   820 | D:2      | HP: 1/30 [Natasha (8)]
   823 | D:2      | Killed Natasha
   823 | D:2      | Reached XP level 4. HP: 1/37 MP: 4/4
  1688 | D:2      | Found a sacrificial altar of Ru.
  1698 | D:2      | Reached XP level 5. HP: 43/43 MP: 5/5
  1702 | D:2      | Became a worshipper of Ru the Awakened
  1988 | D:2      | Noticed Natasha
  2004 | D:2      | Killed Natasha
  2050 | D:2      | Noticed Natasha
  2056 | D:2      | Killed Natasha
  2394 | D:3      | Reached XP level 6. HP: 48/50 MP: 6/6
  2401 | D:3      | Reached skill level 5 in Fighting
  3473 | D:4      | Reached skill level 5 in Shields
  3538 | D:4      | Reached XP level 7. HP: 43/56 MP: 7/7
  3674 | D:4      | Gained mutation: You cannot study or cast Earth magic. [Ru sacrifice]
  3674 | D:4      | Gained mutation: You cannot study or cast Hexes magic. [Ru sacrifice]
  3674 | D:4      | Gained mutation: You cannot study or cast Charms magic. [Ru sacrifice]
  3674 | D:4      | Reached * piety under Ru
  3772 | D:4      | Reached skill level 5 in Maces & Flails
  4170 | D:5      | Entered Level 5 of the Dungeon
  4307 | D:5      | Reached skill level 6 in Fighting
  4550 | D:5      | Found a staircase to the Ecumenical Temple.
  4673 | D:5      | Reached XP level 8. HP: 58/65 MP: 8/8
  4825 | D:5      | Found a blossoming altar of Fedhas.
  5041 | D:6      | Found a snail-covered altar of Cheibriados.
  5080 | D:6      | Found Ijawyub's Assorted Antiques.
  5096 | D:6      | Reached skill level 7 in Fighting
  5103 | D:6      | Bought a pair of boots for 81 gold pieces
  5174 | D:6      | Found a bloodstained altar of Trog.
  5222 | D:6      | Found a glowing golden altar of the Shining One.
  5241 | D:6      | Gained mutation: Your magical capacity is low. (-10% MP) [Ru sacrifice]
  5775 | D:6      | Reached XP level 9. HP: 71/73 MP: 8/8
  5948 | D:7      | Found a sand-covered staircase.
  6067 | D:7      | Reached skill level 8 in Fighting
  6237 | D:7      | Found a deep blue altar of Sif Muna.
  6256 | D:7      | Found a white marble altar of Elyvilon.
  6564 | D:7      | Reached skill level 9 in Fighting
  6653 | D:7      | Found Levonoju's Magic Scroll Boutique.
  7059 | D:8      | Gained mutation: You are hated by all. [Ru sacrifice]
  7059 | D:8      | Reached ** piety under Ru
  7589 | D:8      | Reached XP level 10. HP: 84/84 MP: 9/9
  7787 | D:9      | Found a hazy altar of Hepliaklqana.
  7872 | D:9      | Reached skill level 10 in Fighting
  8019 | D:9      | Found a staircase to the Lair.
  8688 | D:9      | Reached skill level 11 in Fighting
  8807 | D:9      | Reached skill level 10 in Maces & Flails
  8988 | D:9      | Reached XP level 11. HP: 60/93 MP: 9/9
  9259 | D:10     | Entered Level 10 of the Dungeon
  9271 | D:10     | Gained mutation: You occasionally shout uncontrollably at your foes. [Ru sacrifice]
  9271 | D:10     | Reached *** piety under Ru
  9438 | D:10     | Noticed a hill giant
 10282 | Lair:1   | Entered Level 1 of the Lair of Beasts
 10326 | D:10     | Noticed a hill giant
 10342 | D:10     | Killed a hill giant
 10468 | D:10     | Killed a hill giant
 10468 | D:10     | Reached skill level 12 in Fighting
 10611 | D:11     | Found a staircase to the Orcish Mines.
 10641 | D:11     | Noticed a brown ugly thing
 10658 | D:11     | Killed a brown ugly thing
 10658 | D:11     | Reached skill level 10 in Shields
 11264 | D:6      | Bought a glowing plate armour for 414 gold pieces
 11405 | Lair:1   | Gained mutation: You cannot study or use magical devices. [Ru sacrifice]
 11405 | Lair:1   | Reached **** piety under Ru
 11405 | Lair:1   | Reached ***** piety under Ru
 11854 | Lair:1   | Noticed a seven-headed hydra
 11866 | Lair:1   | Killed a seven-headed hydra
 11866 | Lair:1   | Reached XP level 12. HP: 55/103 MP: 10/10
 12361 | Lair:2   | Reached skill level 13 in Fighting
 12427 | Lair:2   | Noticed a five-headed hydra
 12437 | Lair:2   | Killed a five-headed hydra
 12602 | Lair:2   | Found a staircase to the Snake Pit.
 12748 | Lair:2   | Reached skill level 5 in Armour
 12761 | Lair:2   | Gained mutation: Your casting is slightly disrupted. [Ru sacrifice]
 12844 | Lair:2   | Found a dark tunnel.
 12906 | Volcano  | Entered a volcano
 13673 | Lair:3   | Found a staircase to the Swamp.
 13867 | Lair:3   | Reached XP level 13. HP: 109/112 MP: 11/11
 13946 | Lair:3   | Reached skill level 14 in Fighting
 14233 | Lair:3   | Noticed an eight-headed hydra
 14239 | Lair:3   | Killed an eight-headed hydra
 14559 | Lair:4   | Noticed an entropy weaver
 14602 | Lair:3   | Killed an entropy weaver
 14664 | Lair:3   | Gained mutation: You cannot be stealthy. [Ru sacrifice]
 14664 | Lair:3   | Reached ****** piety under Ru
 14678 | Lair:4   | Noticed an entropy weaver
 14683 | Lair:4   | Killed an entropy weaver
 14933 | Lair:4   | Noticed an eight-headed hydra
 14940 | Lair:4   | Killed an eight-headed hydra
 15039 | Lair:4   | Reached XP level 14. HP: 80/121 MP: 12/12
 16106 | Lair:6   | Entered Level 6 of the Lair of Beasts
 16115 | Lair:6   | Reached skill level 15 in Maces & Flails
 16360 | Lair:5   | Reached skill level 15 in Fighting
 16620 | Lair:6   | Found a staircase to the Slime Pits.
 16938 | Lair:6   | Reached skill level 10 in Armour
 17228 | Lair:6   | Reached XP level 15. HP: 129/129 MP: 13/13
 17677 | D:11     | Noticed Harold
 17685 | D:11     | Killed Harold
 17837 | D:11     | Noticed Urug
 17849 | D:11     | Killed Urug
 18013 | D:11     | Found a roughly hewn altar of Beogh.
 19184 | D:13     | Found Soiqor's Magic Scroll Shop.
 19205 | D:13     | Noticed a purple very ugly thing
 19211 | D:13     | Killed a purple very ugly thing
 19252 | D:13     | Found a flickering gateway to a bazaar.
 19263 | Bazaar   | Entered a bazaar
 19336 | Bazaar   | Found Xypneucw's Gadget Boutique.
 19379 | Bazaar   | Found Gaciomm's Gadget Emporium.
 19409 | Bazaar   | Found Usuergh's Gadget Emporium.
 19487 | Bazaar   | Found Vocaed's Magic Scroll Emporium.
 19860 | D:13     | Found Fyddelirph's Jewellery Boutique.
 19868 | D:13     | Found Bonaef's General Store.
 19989 | D:13     | Found Doigan's Distillery.
 20022 | D:13     | Noticed Eptagon's ghost (journeyman TrMo)
 20031 | D:13     | Killed Eptagon's ghost
 20496 | D:13     | Bought a scroll of acquirement for 728 gold pieces
 20682 | D:14     | Found a gate to the Vaults.
 20713 | D:14     | Reached skill level 16 in Fighting
 21203 | D:14     | Found a frozen archway.
 21224 | IceCv    | Entered an ice cave
 21282 | IceCv    | Reached XP level 16. HP: 129/138 MP: 14/14
 21570 | IceCv    | Noticed a frost giant
 21583 | IceCv    | Killed a frost giant
 21595 | IceCv    | Got a bound steel ring
 21597 | IceCv    | Identified the ring "Radyipla" {+Blink rC+ MR+ Dex-3} (You found it in an ice cave)
 21811 | D:15     | Entered Level 15 of the Dungeon
 22722 | D:15     | Found a staircase to the Depths.
 22927 | D:13     | Bought a scroll of acquirement for 728 gold pieces
 23025 | Orc:1    | Entered Level 1 of the Orcish Mines
 23083 | Orc:2    | Entered Level 2 of the Orcish Mines
 23395 | Orc:2    | Found a roughly hewn altar of Beogh.
 23492 | Orc:2    | Found Waneufow's Food Emporium.
 23509 | Orc:2    | Found Soabej's Antique Weapon Shoppe.
 23710 | Orc:2    | Reached XP level 17. HP: 139/146 MP: 15/15
 23927 | Orc:2    | Found a roughly hewn altar of Beogh.
 24002 | Orc:2    | Reached skill level 17 in Fighting
 24067 | Orc:2    | Found Uhevop's Antique Armour Shoppe.
 24181 | Orc:2    | Found Elloro's Armour Shop.
 24473 | Orc:2    | Found a staircase to the Elven Halls.
 24901 | Swamp:1  | Entered Level 1 of the Swamp
 25011 | Swamp:1  | Noticed Roxanne
 25021 | Swamp:1  | Killed Roxanne
 25069 | Swamp:1  | Noticed Kirke
 25083 | Swamp:1  | Killed Kirke
 25797 | Swamp:2  | Noticed Louise
 25803 | Swamp:2  | Noticed Aizul
 25818 | Swamp:2  | Killed Louise
 25864 | Swamp:2  | Killed Aizul
 26385 | Swamp:3  | Noticed a thorn hunter
 26455 | Swamp:3  | Killed a thorn hunter
 26680 | Swamp:3  | Noticed a thorn hunter
 26692 | Swamp:3  | Killed a thorn hunter
 26821 | Swamp:3  | Noticed Nikola
 26835 | Swamp:3  | Killed Nikola
 27047 | Swamp:3  | Noticed Bai Suzhen
 27063 | Swamp:3  | Killed Bai Suzhen
 27063 | Swamp:3  | Reached XP level 18. HP: 85/155 MP: 10/16
 27494 | Swamp:4  | Entered Level 4 of the Swamp
 28154 | Swamp:4  | Reached skill level 18 in Fighting
 28166 | Swamp:4  | Got a decaying rune of Zot
 28737 | Vaults:1 | Entered Level 1 of the Vaults
 29647 | Vaults:1 | Found Leminlea's Weapon Shop.
 29687 | Vaults:1 | Reached XP level 19. HP: 146/164 MP: 17/17
 29689 | Vaults:1 | Reached skill level 15 in Armour
 30362 | Vaults:1 | Noticed a lich
 30369 | Vaults:1 | Killed a lich
 30731 | Vaults:2 | Reached skill level 15 in Shields
 30757 | Vaults:2 | Reached skill level 19 in Fighting
 30775 | Vaults:2 | Noticed Xtahua
 30798 | Vaults:2 | Killed Xtahua
 31177 | Vaults:2 | Reached XP level 20. HP: 174/174 MP: 18/18
 31658 | Vaults:2 | Noticed Saint Roka
 31780 | Vaults:2 | Killed Saint Roka
 31780 | Vaults:2 | Reached skill level 1 in Dodging
 31909 | Vaults:2 | Noticed a tentacled monstrosity
 31997 | Vaults:2 | Killed a tentacled monstrosity
 32116 | Vaults:2 | Found a staircase to the Crypt.
 32515 | Vaults:2 | Reached skill level 5 in Dodging
 33484 | Vaults:3 | Reached XP level 21. HP: 182/182 MP: 18/18
 34664 | Vaults:3 | Reached skill level 20 in Fighting
 35586 | Vaults:4 | Found Qoemniz's Antique Weapon Boutique.
 36194 | D:13     | Bought a scroll of enchant weapon for 105 gold pieces
 36373 | Snake:1  | Entered Level 1 of the Snake Pit
 36415 | Snake:1  | Reached skill level 10 in Dodging
 36536 | Snake:1  | Reached XP level 22. HP: 187/191 MP: 19/19
 37673 | Snake:2  | Noticed FIQ's ghost (adept HOMo)
 37709 | Snake:2  | Killed FIQ's ghost
 38356 | Snake:3  | Reached skill level 21 in Fighting
 38973 | Snake:4  | Entered Level 4 of the Snake Pit
 39530 | Snake:4  | Reached XP level 23. HP: 156/201 MP: 20/20
 40103 | Snake:4  | Got a serpentine rune of Zot
 40735 | Depths:1 | Entered Level 1 of the Depths
 40884 | Depths:1 | Reached skill level 22 in Fighting
 41082 | Depths:1 | Found a gateway to Hell.
 41298 | Depths:1 | Found a corrupted altar of Lugonu.
 41298 | Depths:1 | Found a one-way gate to the infinite horrors of the Abyss.
 41369 | Depths:1 | Found a glowing golden altar of the Shining One.
 42065 | Depths:3 | Found a one-way gate leading to the halls of Pandemonium.
 42422 | Depths:3 | Reached XP level 24. HP: 204/212 MP: 20/20
 42977 | Depths:3 | Reached skill level 23 in Fighting
 43402 | Depths:4 | Found a gateway to a ziggurat.
 43754 | Depths:4 | Reached skill level 15 in Dodging
 44015 | Depths:4 | Noticed a golden dragon
 44038 | Depths:4 | Found Fakilama's Changing Room.
 44076 | Depths:4 | Bought a potion of beneficial mutation for 560 gold pieces
 44076 | Depths:4 | Gained mutation: You are resistant to hostile enchantments. (MR+) [potion of beneficial mutation]
 44077 | Depths:4 | Reached XP level 25. HP: 201/221 MP: 15/20
 44078 | Depths:4 | Reached XP level 26. HP: 209/229 MP: 15/20
 44313 | Depths:5 | Entered Level 5 of the Depths
 44651 | Depths:5 | Noticed a juggernaut
 44663 | Depths:5 | Killed a juggernaut
 44825 | Depths:5 | Found Igikuq's Weapon Shoppe.
 44838 | Depths:5 | Bought the +7 great mace "Firestarter" {inner flame, rF++} for 1352 gold pieces
 44859 | Depths:5 | Noticed the Enchantress
 44875 | Depths:5 | Noticed Frederick
 44884 | Depths:5 | Killed Frederick
 44884 | Depths:5 | Reached XP level 27. HP: 116/237 MP: 20/20
 44885 | Depths:5 | Killed the Enchantress
 45052 | Depths:5 | Noticed a juggernaut
 45064 | Depths:5 | Killed a juggernaut
 45081 | Depths:5 | Got a faerie dragon armour
 45092 | Depths:5 | Identified the +3 faerie dragon armour {rElec Int-4 Dex+3 SInv} (You took it off the Enchantress on level 5 of the Depths)
 45389 | Depths:5 | Found a shattered altar of Ashenzari.
 45421 | Depths:5 | Found a gate to the Realm of Zot.
 45425 | Depths:5 | Reached skill level 24 in Fighting
 45736 | Depths:5 | Found Pikatz's Magic Scroll Shoppe.
 45744 | Depths:5 | Bought a scroll of enchant armour for 142 gold pieces
 45864 | Depths:5 | Found Lutefa's Armour Shoppe.
 46271 | Vaults:5 | Entered Level 5 of the Vaults
 46776 | Slime:1  | Entered Level 1 of the Pits of Slime
 46789 | Slime:2  | Noticed Donald
 46793 | Slime:2  | Gained mutation: Your mind is acute. (Int +2) [a shining eye]
 47195 | Slime:5  | Entered Level 5 of the Pits of Slime
 47253 | Slime:5  | Found a viscous altar of Jiyva.
 47272 | Slime:5  | Noticed the Royal Jelly
 47311 | Slime:5  | Killed the Royal Jelly
 47333 | Slime:5  | HP: 11/240 [great orb of eyes (15)]
 47333 | Slime:5  | Splashed by an acid blob's acid

Vault maps used:
D:1:      erik_arrival_triangle_small
D:2:      nicolae_overflow_crystal_walls, uniq_natasha
D:3:      wad_floor_pattern_untrapped, fountainhead
D:4:      first_bread, st_stairs_3
D:5:      marbit_many_paths
D:6:      nicolae_overflow_hidden_temple, lemuel_round_altar,
          lemuel_doored_altar, serial_shops, nicolae_shop_overgrown_old_shop,
          st_stairs_1
D:7:      kennysheep_mini, kennysheep_mini_moat, chequers_ossuary_entry_cave,
          serial_shops, nicolae_shop_competitors_out_of_business,
          corexii_hall_statues_i
D:9:      statuecave_lemuel, lemuel_coloured_pillars_altar,
          minmay_lair_entry_grove, david_nohive_1
D:11:     minmay_orc_entry_temple_large, minmay_fire_ice_demons, uniq_harold,
          uniq_urug
D:13:     serial_shops, freezing_bzr, shop, nicolae_shop_crystal, shop,
          shop_fountains
D:14:     lightli_vaults_fourway_checkpoint, portal_ice_cave_demonic_guard
D:15:     hangedman_depths_entry_try_elsewhere_first, minmay_misc_feat_roman,
          minmay_more_statues
Lair:1:   grunt_megastairs_4
Lair:2:   guppyfry_snake_entry_island, nicolae_volcano_entry_hallway,
          lemuel_fruit_fields
Lair:3:   minmay_swamp_entry_wisps, grunt_megastairs_2,
          infiniplex_staircase_pool
Lair:4:   minivault_26, st_stairs_8, minmay_another_anthill
Lair:6:   minmay_lair_end_enchanted_forest, slime_dummy, serial_bayou_shore_b
Swamp:1:  evilmike_swamp_ruin_house_2, uniq_roxanne, uniq_kirke
Swamp:2:  evilmike_swamp_ruin_house_3, uniq_louise, uniq_aizul
Swamp:3:  serial_swamp_ruin, evilmike_swamp_ruin_house_4,
          evilmike_swamp_ruin_house_1, evilmike_swamp_ruin_rubble_2,
          uniq_nikola, uniq_bai_suzhen
Swamp:4:  swamp, swamp_pool1, hangedman_swamp_lotus
Snake:1:  grunt_ministairs_2, abandoned_shop
Snake:2:  hangedman_snake_sidewinding
Snake:3:  nrook_loot_triangle
Snake:4:  grunt_snake_rune_pools, st_stairs_10, basic_stair_grate_trap
Slime:2:  cheibrodos_slime_lost_civilization_6, uniq_donald
Slime:3:  cheibrodos_slime_lost_civilization_2
Orc:1:    special_room, serial_shops, shop
Orc:2:    pubby_orc_utopia
Vaults:1: hangedman_vaults_corner, hangedman_vaults_stretched_pinwheel,
          nicolae_vaults_disjoint_gnomons, dpeg_vaults_monster_row,
          st_octagons_1, v_misc_8, ontoclasm_vaults_misaligned,
          grunt_vaults_funnel, vaults_dpeg_encased_lava,
          nicolae_vaults_alarming, serial_shops, shop_statue
Vaults:2: st_greater_box_2, nicolae_vaults_shelves_hall,
          hangedman_vaults_capsules, grunt_vaults_hallway_short,
          nicolae_vaults_network_square, hangedman_vaults_slither,
          vaults_mumra_hex, ontoclasm_vaults_twist, hangedman_vaults_maws,
          hangedman_vaults_variations, vaults_room_door_ring, dummy_crypt_entry,
          uniq_xtahua, uniq_saint_roka
Vaults:3: v_alt_pattern_1, v_pattern_2, ontoclasm_vaults_hangar,
          nicolae_vaults_ring_of_whatevers, nicolae_vaults_big_ls,
          vaults_standard_mumra_x, grunt_vaults_diagonal, grunt_vaults_focal,
          nicolae_vaults_asterisk, vaults_room_semicircle
Vaults:4: v_misc_19, vaults_room_fours, nicolae_vaults_sealed_display,
          v_rooms_5, v_misc_17, v_pattern_1, vaults_room_hangedman_quadrants,
          v_misc_27, nicolae_vaults_network_periphery, vaults_room_semicircle,
          nicolae_vaults_little_squares_3, ontoclasm_vaults_ring_small,
          ontoclasm_vaults_idyll, serial_shops, shop
Depths:1: hangedman_coc_ice_floe, abyss_entry_flame_altar, serial_bayou_pond_e,
          spider_trap, tso_altar, hangedman_decor_cross_pass
Depths:2: lemuel_river_lethe, hell_entry
Depths:3: lemuel_castle_with_subvaults, nicolae_twisting_strands, hell_entry,
          pan_entry, minmay_staircase_windowed_small
Depths:4: hangedman_grunt_twisty_little_passages, enter_ziggurat_e, abyss_entry,
          hell_entry, minmay_strange_pillars, nicolae_transmutations_shop,
          firewood_loft, uniq_mennas
Depths:5: grunt_zot_entry_bicorn, hell_entry, serial_shops, shop,
          nicolae_shop_trees, shop, abyss_entry, minmay_misc_feat_ornament,
          lemuel_statue_altar, uniq_frederick, uniq_enchantress
Bazaar:   bazaar_minmay_generic_d
IceCv:    ice_cave_caverns_01
Volcano:  volcano_aerie

Skill      XL: |  1  2  3  4  5  6  7  8  9 10 11 12 13 14 15 16 17 18 19 20 21 22 23 24 25 26 27 |
---------------+----------------------------------------------------------------------------------+-----
Fighting       | 4 5 6 7 9 11 12 13 14 15 16 17 18 19 20 21 22 23 24 | 24.4
Maces & Flails | 3 4 5 6 8 10 11 13 14 16 17 18 19 20 | 20.0
Shields        | 4 5 6 8 9 10 13 15 16 | 16.2
Armour         | 6 8 10 11 12 14 15 16 17 | 17.8
Dodging        | 6 10 12 14 16 17 19 | 19.0

Action                   |  1- 3 |  4- 6 |  7- 9 | 10-12 | 13-15 | 16-18 | 19-21 | 22-24 | 25-27 || total
-------------------------+-------+-------+-------+-------+-------+-------+-------+-------+-------++-------
Melee: Flail             |    91 |   207 |   536 |   863 |       |       |       |       |       ||  1697
       Great mace        |       |       |       |    91 |  1066 |  1504 |  1295 |  1796 |   563 ||  6315
Throw: Javelin           |       |       |     4 |       |       |       |       |       |       ||     4
Invok: Sacrifice Arcana  |       |       |     1 |       |       |       |       |       |       ||     1
       Sacrifice Essence |       |       |     1 |     1 |       |       |       |       |       ||     2
       Sacrifice Love    |       |       |     1 |       |       |       |       |       |       ||     1
       Sacrifice Purity  |       |       |       |     1 |       |       |       |       |       ||     1
       Sacrifice Artific |       |       |       |     1 |       |       |       |       |       ||     1
       Power Leap        |       |       |       |     3 |     3 |    13 |     5 |     2 |     2 ||    28
       Sacrifice Stealth |       |       |       |       |     1 |       |       |       |       ||     1
       Apocalypse        |       |       |       |       |       |     1 |     2 |     1 |     2 ||     6
 Abil: Dig               |       |     2 |     1 |     3 |     1 |       |       |     9 |     5 ||    21
Evoke: Wand              |       |       |       |     1 |       |       |       |       |       ||     1
  Use: Potion            |     3 |     1 |     2 |     1 |       |     1 |     1 |     2 |     4 ||    15
       Scroll            |       |       |    16 |     6 |     6 |    16 |     3 |     5 |     4 ||    56
 Stab: Distracted        |       |       |     1 |     4 |     7 |     3 |     5 |    10 |     1 ||    31
       Invisible         |       |       |       |     7 |    13 |    13 |     7 |     8 |     3 ||    51
       Paralysed         |       |       |       |     2 |    12 |    20 |     3 |     5 |     6 ||    48
       Confused          |       |       |       |       |       |     1 |       |       |       ||     1
  Eat: Chunk             |       |     4 |     6 |     7 |     6 |     3 |     5 |     3 |       ||    34
       Bread ration      |       |     1 |     1 |     1 |       |     1 |     1 |     4 |       ||     9
       Royal jelly       |       |       |     1 |     3 |     2 |     3 |       |       |       ||     9
       Pizza             |       |       |     1 |       |       |       |       |       |       ||     1
       Meat ration       |       |       |       |     1 |     2 |     2 |     2 |     1 |     3 ||    11
       Fruit             |       |       |       |       |     9 |     5 |     8 |       |       ||    22
       Beef jerky        |       |       |       |       |       |     1 |       |       |       ||     1
Armor: Scale mail        |    36 |    50 |       |       |       |       |       |       |       ||    86
       Chain mail        |       |    42 |   172 |    64 |       |       |       |       |       ||   278
       Plate armour      |       |       |       |   198 |   394 |   556 |   233 |   177 |       ||  1558
       Fire dragon armou |       |       |       |       |       |       |       |    63 |    95 ||   158
Dodge: Dodged            |    36 |    54 |   160 |   273 |   340 |   353 |   147 |   370 |   169 ||  1902
Block: Shield            |    49 |   116 |   278 |   501 |   580 |   622 |       |       |       ||  2146
       Large shield      |       |       |       |       |       |   120 |  1050 |  1550 |   427 ||  3147
